AoeStats
← AndyThePro

Arabia

508216260Analyzed
1v1 RM · 12d ago on Sep 21, 2026· 15m 12s· 2 players
Game mode
Random Map
Map size
Tiny (2 player)
Population
200
Speed
Normal
Resources
Standard
Victory
Conquest
Starting age
Dark Age
Ending age
Imperial Age
RankedLock teamsTeams togetherTeam positionsShared explorationLock speedFull tech treeHidden civsTurbo modeCheats
Victory
Defeat
2010
+7
🇩🇪 Japanese · Germany
1788
-7
EMPEROR VASILIY ALIBABAEVICH
6:11 Loom
8:28 Feudal Age
9:33 Double-Bit Axe
12:41 Fletching
AndyThePro
6:13 Loom
8:39 Feudal Age
8:51 Man-at-Arms
10:04 Double-Bit Axe
13:32 Fletching
Connection lost

Rejoining the realm…

Still unreachable

The connection could not be restored.

Session expired

The server has moved on; the page needs a fresh start.